 Dungeon Crawl Stone Soup version 0.17-a0-483-g810ce3f (console) character file.

7851 vogonpoet the Grappler (level 11, -3/109 HPs)
             Began as a Troll Arcane Marksman on Apr 9, 2015.
             Was the Champion of Makhleb.
             Slain by Snorg (11 damage)
             ... on level 1 of the Orcish Mines.
             The game lasted 00:28:54 (9538 turns).

vogonpoet the Grappler (Troll Arcane Marksman)      Turns: 9538, Time: 00:28:54

Health: -3/109     AC:  9    Str: 21    XL:     11   Next: 2%
Magic:  0/24       EV: 11    Int: 12    God:    Makhleb [******]
Gold:   872        SH:  0    Dex:  9    Spells: 1 memorised, 11 levels left

rFire  + . .     SeeInvis .       - Unarmed
rCold  . . .     Clarity  .     U - +2 robe {Archmagi}
rNeg   . . .     SustAb   .     (no shield)
rPois  +         Gourm    +     (helmet restricted)
rElec  .         Spirit   +     B - +1 cloak {rPois}
rCorr  .         Warding  .     (gloves unavailable)
rMut   .         Stasis   .     (boots unavailable)
MR     .....                    O - amulet of guardian spirit
Stlth  +.........               x - ring of protection from fire
                                J - ring of magical power

@: not resistant to hostile enchantments, very unstealthy
A: unfitting armour, claws 3, fast metabolism 3, gourmand, regeneration 2,
shaggy fur 1, tough skin 2, wild magic 1
a: Minor Destruction, Lesser Servant of Makhleb, Major Destruction, Greater
Servant of Makhleb, Renounce Religion


You were on level 1 of the Orcish Mines.
You worshipped Makhleb.
Makhleb was exalted by your worship.
You were very full.

You visited 4 branches of the dungeon, and saw 13 of its levels.

You collected 982 gold pieces.
You spent 110 gold pieces at shops.

Inventory:

Hand weapons
 q - a +2 dagger of draining
 v - a +0 blowgun
 R - a +3 dagger of chaos
 T - a +0 scimitar of flaming
Missiles
 b - 18 tomahawks (quivered)
 c - 4 throwing nets
 u - 16 poisoned needles
 C - 5 curare-tipped needles
 V - 2 large rocks
Armour
 k - the +0 robe "Qimus" {+Blink rElec Int-4}
   (You found it on level 4 of the Dungeon)

   It affects your intelligence (-4).
   It insulates you from electricity.
   It lets you blink.
 B - a +1 cloak of poison resistance (worn)
 N - a +1 robe of cold resistance
 S - a +0 shield
 U - a +2 robe of the Archmagi (worn)
Magical staves
 z - an uncursed staff of fire {unknown}
Jewellery
 n - an uncursed ring of ice
 x - a ring of protection from fire (right claw)
 J - a ring of magical power (left claw)
 M - an uncursed ring of see invisible
 O - an amulet of guardian spirit (around neck)
Magical devices
 m - a wand of lightning (7)
 y - a wand of digging (12)
 A - a wand of polymorph (8)
 E - a wand of lightning (4)
 F - a wand of fireball (14)
 Q - a wand of paralysis (4)
Scrolls
 a - a scroll of fog
 g - 3 scrolls of fear
 i - 2 scrolls of blinking
 j - 7 scrolls of remove curse
 p - 10 scrolls of identify
 D - a scroll of enchant armour
 G - a scroll of enchant weapon {unknown}
 H - 2 scrolls of teleportation
Potions
 e - 4 potions of curing
 l - 2 potions of heal wounds
 o - 2 potions of restore abilities
 r - 2 potions of ambrosia
 s - 2 potions of haste
 t - a potion of might
 I - a potion of poison {unknown}
 K - a potion of cure mutation
Books
 d - a book of Debilitation

   Spells                             Type                      Level
   a - Corona                         Hexes                        1
   b - Slow                           Hexes                        2
   c - Gell's Gravitas                Hexes/Translocation          3
   d - Inner Flame                    Hexes/Fire                   3
   e - Cause Fear                     Hexes                        4
   f - Leda's Liquefaction            Hexes/Earth                  4
 h - a Young Poisoner's Handbook

   Spells                             Type                      Level
   a - Sting                          Conjuration/Poison           1
   b - Cure Poison                    Poison                       2
   c - Mephitic Cloud                 Conjuration/Poison/Air       3
   d - Olgreb's Toxic Radiance        Poison                       4
   e - Venom Bolt                     Conjuration/Poison           5
Comestibles
 w - 4 meat rations
 L - 4 beef jerkies
 W - 2 slices of pizza


   Skills:
 - Level 7.0 Fighting
 - Level 5.0 Throwing
 - Level 5.1 Dodging
 - Level 10.1 Unarmed Combat
 - Level 1.0 Spellcasting
 - Level 2.0 Hexes
 * Level 6.8 Invocations


You had 11 spell levels left.
You knew the following spells:

 Your Spells              Type           Power        Failure   Level  Hunger
a - Corona                Hex            ##.....      26%         1    ##.....


Dungeon Overview and Level Annotations

Branches:
Dungeon (9/15)             Temple (1/1) D:4            Lair (1/8) D:8
    Orc (2/4) D:9

Altars:
Ashenzari
Cheibriados
Dithmenos
Elyvilon
Fedhas
Gozag
Kikubaaqudgha
Makhleb
Nemelex Xobeh
Okawaru
Qazlal
Ru
Sif Muna
Trog
Vehumet
Xom
Yredelemnul
Zin
The Shining One

Shops:
D:8 *

Annotations:
Orc:1 Snorg


Innate Abilities, Weirdness & Mutations

You are too large for most types of armour.
You have claws for hands.
Your metabolism is lightning-fast.
You like to eat raw meat.
You heal very quickly.
You are covered in fur (AC +1).
You have very tough skin (AC +2).
Your spells are a little harder to cast, but a little more powerful.


Message History

Snorg bites you. Snorg completely misses you. Snorg claws you!!
You barely miss Snorg.
Snorg is severely wounded.
Snorg misses you. Snorg claws you. Snorg claws you.
You barely miss Snorg.
Snorg is severely wounded.
Snorg bites you! Snorg claws you! Snorg claws you!
* * * LOW HITPOINT WARNING * * *
Snorg bites you but does no damage. Snorg claws you but does no damage.
Snorg misses you.
You closely miss Snorg.
Snorg is severely wounded.
Snorg closely misses you. Snorg claws you but does no damage.
Snorg barely misses you.
You claw Snorg!
Snorg is almost dead.
Snorg bites you!!
* * * LOW HITPOINT WARNING * * *
Snorg claws you but does no damage. Snorg claws you!
You die...

......#........#(.
.......).........(..#
.............#.#(....#
..............##.....
...>............(..$
...............#(..
)...............(.
).......#......#T#####
.........#......@##..##
......................#
.........#....#..##..##
..................####
..................###
............#.##....##
.#..........#####....#
.............# ###.##
........#.#.## ###


You could see Snorg (berserk).

Vanquished Creatures
  Fannar (Orc:2)
  Erica (D:8)
  Joseph (D:8)
  Psyche (D:8)
  A two-headed ogre (D:9)
  3 hungry ghosts (D:9)
  5 orc warriors
  A water moccasin (Lair:1)
  2 sky beasts
  A wasp (D:9)
  5 ogres
  2 phantoms
  5 centaurs
  3 crocodiles
  A gnoll sergeant (D:6)
  5 giant frogs
  5 scorpions
  4 killer bees
  3 wights
  3 crimson imps
  3 goliath beetles
  A centaur zombie (D:7)
  4 hounds
  Crazy Yiuf (D:4)
  4 iguanas
  12 orc wizards
  2 centaur skeletons
  16 orc priests
  6 worker ants
  A killer bee zombie (D:8)
  6 ogre zombies (D:9)
  A hound zombie (D:8)
  7 gnolls
  Robin (D:4)
  5 adders
  A shadow imp (D:5)
  A worm (D:3)
  3 adder skeletons
  4 giant geckos
  An ooze (D:4)
  77 orcs
  2 ball pythons (D:4)
  11 bats
  A bat skeleton (D:4)
  2 bat zombies (D:6)
  8 giant cockroaches
  23 goblins
  12 hobgoblins
  4 jackals (D:1)
  9 quokkas
  3 goblin zombies (D:9)
  A hobgoblin skeleton (D:9)
  2 hobgoblin zombies (D:9)
  14 kobolds
  13 orc zombies (D:9)
  13 rats
  4 rat zombies (D:6)
332 creatures vanquished.

Vanquished Creatures (others)
  A killer bee (D:7)
  A bush (D:5)
2 creatures vanquished.

Grand Total: 334 creatures vanquished

Notes
Turn   | Place    | Note
--------------------------------------------------------------
     0 | D:1      | vogonpoet, the Troll Arcane Marksman, began the quest for the Orb.
     0 | D:1      | Reached XP level 1. HP: 18/18 MP: 1/1
    97 | D:1      | Reached skill level 1 in Unarmed Combat
   230 | D:1      | Reached XP level 2. HP: 26/26 MP: 2/2
   494 | D:1      | Reached XP level 3. HP: 30/32 MP: 3/3
   785 | D:2      | Reached skill level 3 in Unarmed Combat
   875 | D:2      | Reached skill level 1 in Fighting
  2037 | D:3      | Reached XP level 4. HP: 24/41 MP: 4/4
  2044 | D:3      | Reached skill level 4 in Unarmed Combat
  2046 | D:3      | Reached XP level 5. HP: 8/48 MP: 5/5
  2700 | D:4      | Noticed an ogre
  2705 | D:4      | Killed an ogre
  2705 | D:4      | Reached skill level 5 in Unarmed Combat
  2705 | D:4      | Reached XP level 6. HP: 40/57 MP: 6/6
  2816 | D:4      | Got a distressingly furry robe
  2840 | D:4      | Identified the +0 robe "Qimus" {+Blink rElec Int-4} (You found it on level 4 of the Dungeon)
  2890 | D:4      | Found a staircase to the Ecumenical Temple.
  2927 | Temple   | Entered the Ecumenical Temple
  2996 | Temple   | Became a worshipper of Makhleb the Destroyer
  3015 | D:4      | Noticed a phantom
  3066 | D:4      | Killed a phantom
  3066 | D:4      | Reached skill level 6 in Unarmed Combat
  3207 | D:4      | Reached XP level 7. HP: 21/66 MP: 7/7
  3332 | D:4      | Found a glowing silver altar of Zin.
  3358 | D:4      | Noticed Robin
  3385 | D:4      | Killed Robin
  3435 | D:4      | Noticed an ogre
  3439 | D:4      | Killed an ogre
  3439 | D:4      | Acquired Makhleb's first power
  3439 | D:4      | Reached skill level 7 in Unarmed Combat
  3457 | D:4      | Noticed Crazy Yiuf
  3474 | D:4      | Killed Crazy Yiuf
  3630 | D:5      | Entered Level 5 of the Dungeon
  3735 | D:5      | Reached skill level 1 in Invocations
  4300 | D:5      | Found a blossoming altar of Fedhas.
  4495 | D:5      | Reached XP level 8. HP: 58/74 MP: 8/10
  4643 | D:5      | Found a shadowy altar of Dithmenos.
  4801 | D:6      | Acquired Makhleb's second power
  4815 | D:6      | Reached skill level 8 in Unarmed Combat
  5068 | D:6      | Found an ancient bone altar of Kikubaaqudgha.
  5089 | D:6      | Found a sparkling altar of Nemelex Xobeh.
  5350 | D:6      | Reached skill level 5 in Fighting
  5657 | D:7      | Reached XP level 9. HP: 72/89 MP: 11/11
  5708 | D:7      | Found a basalt altar of Yredelemnul.
  5709 | D:7      | Noticed a profane servitor
  5713 | D:7      | Found a glowing golden altar of the Shining One.
  5714 | D:7      | Noticed an angel
  5801 | D:7      | Acquired Makhleb's third power
  6367 | D:8      | Noticed a centaur skeleton
  6376 | D:8      | Killed a centaur skeleton
  6384 | D:8      | Noticed Psyche
  6386 | D:8      | Paralysed by Psyche for 5 turns
  6398 | D:8      | Killed Psyche
  6454 | D:8      | Reached skill level 9 in Unarmed Combat
  6486 | D:8      | Noticed Erica
  6548 | D:8      | Killed Erica
  6548 | D:8      | Reached XP level 10. HP: 71/102 MP: 12/12
  6667 | D:8      | Found a deep blue altar of Sif Muna.
  6668 | D:8      | Found an iron altar of Okawaru.
  6670 | D:8      | Found a radiant altar of Vehumet.
  6671 | D:8      | Found a snail-covered altar of Cheibriados.
  6671 | D:8      | Found a bloodstained altar of Trog.
  6799 | D:8      | Found a staircase to the Lair.
  6824 | D:8      | Acquired Makhleb's fourth power
  6856 | D:8      | Gained mutation: Your spells are a little harder to cast, but a little more powerful. [potion of beneficial mutation]
  6869 | D:8      | Found Cecat's Assorted Antiques.
  7050 | D:8      | Reached skill level 10 in Unarmed Combat
  7071 | D:8      | Noticed Joseph
  7086 | D:8      | Killed Joseph
  7300 | D:8      | Bought a marble ring for 110 gold pieces
  7331 | D:9      | Reached skill level 5 in Throwing
  7368 | D:9      | Found a staircase to the Orcish Mines.
  7680 | D:9      | Reached skill level 5 in Invocations
  7685 | D:9      | Acquired Makhleb's fifth power
  8203 | Lair:1   | Entered Level 1 of the Lair of Beasts
  8313 | Orc:1    | Entered Level 1 of the Orcish Mines
  8743 | Orc:2    | Reached skill level 5 in Dodging
  8915 | Orc:1    | Noticed an orc knight
  9140 | Orc:1    | Noticed Fannar
  9330 | Orc:2    | Killed Fannar
  9330 | Orc:2    | Reached XP level 11. HP: 69/109 MP: 9/15
  9522 | Orc:1    | Noticed Snorg
  9538 | Orc:1    | Slain by Snorg

Action                   |  1- 3 |  4- 6 |  7- 9 | 10-12 || total
-------------------------+-------+-------+-------+-------++-------
Melee: Unarmed           |   112 |   142 |   317 |   435 ||  1006
 Fire: Blowgun           |       |       |    11 |     9 ||    20
Throw: Large rock        |     3 |     6 |    14 |       ||    23
       Tomahawk          |       |       |     3 |    16 ||    19
Evoke: Wand              |       |       |       |     1 ||     1
  Use: Potion            |       |     1 |     1 |     1 ||     3
       Scroll            |       |    10 |       |    10 ||    20
  Eat: Chunk             |    19 |    14 |    31 |    31 ||    95
